Phantoms vs Bears
Created - December 1, 2024 at 09:31
Goals
|
| Phantoms |
2 |
2 |
0 |
4 |
| Bears |
1 |
1 |
1 |
3 |
|
Shots
|
| Phantoms |
8 |
13 |
4 |
25 |
| Bears |
9 |
14 |
6 |
29 |
|
1st period
1. Phantoms , Lucas Wallmarkk 9 (Joe Snively 20, Zachary Fucale) at 5:01 (PP)
2. Phantoms , Lucas Wallmarkk 10 (Joe Snively 21, Matt Kiersted 1) at 6:00
3. Bears , Cole Smith 8 (Mikko Vainonen 12, Tanner Laczynski 8) at 8:44
Penalties :
Kerby Rychel (Her) for Holding (Minor) at 4:07, J.T. Brown (Leh) for Holding (Minor) at 6:38
2nd period
4. Phantoms , Lucas Wallmarkk 11 (Joe Snively 22) at 3:50
5. Phantoms , Mikko Lehtonen 5 (Lucas Wallmarkk 13, Joe Snively 23) at 9:20
6. Bears , Jerry D'Amigo 9 (Kerby Rychel 17, Artyom Zagidulin) at 13:45 (PP)
Penalties :
Blake Heinrich (Leh) for High sticking (Minor) at 12:26, Vincent Dunn (Her) for Holding (Minor) at 18:49
3rd period
7. Bears , Vincent Dunn 2 (Nicholas Caamano 2) at 2:24
Penalties :
Kerby Rychel (Her) for Roughing (Minor) at 5:11, Kerby Rychel (Her) for Slashing (Minor) at 7:33
Goalie Stats
Zachary Fucale (Leh), 26 saves from 29 shots - (0.897), W, 6-6-3, 60:00 minutes
Artyom Zagidulin (Her), 21 saves from 25 shots - (0.840), L, 2-1-0, 60:00 minutes
Players Stats for Phantoms
Player Name G A P +/- PIM S H SB GA TA FO MP PP MP PK MP
------------------------------------------------------------------------------------
A.J. Greer 0 0 0 0 0 1 3 0 0 1 0/0 10:28 0:00 0:00
Andrey Pedan 0 0 0 0 0 0 2 0 0 0 0/0 20:30 2:49 1:21
Blake Heinrich 0 0 0 1 2 0 1 2 1 0 0/0 25:12 4:02 1:25
Brett Murray 0 0 0 0 0 0 0 0 0 0 0/0 6:54 0:00 0:00
Cristoval Nieves 0 0 0 -2 0 2 4 1 1 0 4/13 17:49 2:30 1:26
David Kampf 0 0 0 0 0 0 0 0 0 0 1/6 10:28 0:00 0:00
J.T. Brown 0 0 0 -2 2 0 0 0 0 0 0/0 14:55 0:00 0:23
Joe Snively 0 4 4 3 0 3 1 0 1 0 1/2 22:36 4:21 0:00
Laurent Dauphin 0 0 0 0 0 3 1 0 0 0 1/2 6:54 0:00 0:00
Lucas Wallmarkk 3 1 4 3 0 6 2 1 0 1 11/33 24:28 4:21 1:52
Matt Kiersted 0 1 1 0 0 0 0 1 0 0 0/0 14:51 0:00 1:06
Mikko Lehtonen 1 0 1 2 0 3 1 0 1 0 0/0 24:13 4:02 0:32
Nick Sorensen 0 0 0 0 0 0 1 0 0 0 1/1 13:00 2:30 0:00
Oliver Wahlstrom 0 0 0 0 0 0 1 0 0 0 0/0 6:54 0:00 0:00
Rem Pitlick 0 0 0 -2 0 4 5 0 2 0 1/1 17:47 2:30 1:03
Riley Stillman 0 0 0 0 0 0 0 0 0 0 0/0 13:45 0:00 0:00
Rinat Valiev 0 0 0 -1 0 1 2 0 0 2 0/0 21:28 2:49 2:12
Sven Andrighetto 0 0 0 3 0 2 2 0 0 0 0/1 24:28 4:21 1:52
Players Stats for Bears
Player Name G A P +/- PIM S H SB GA TA FO MP PP MP PK MP
------------------------------------------------------------------------------------
Blake Speers 0 0 0 0 0 0 0 0 1 0 1/2 10:32 0:00 1:42
Colby Cave 0 0 0 0 0 0 0 0 0 0 0/0 8:54 0:00 0:02
Cole Smith 1 0 1 0 0 2 0 0 0 0 1/1 16:48 2:18 1:24
Emil Johansson 0 0 0 0 0 0 0 0 0 1 0/0 13:31 0:00 0:02
Gianluca Curcuruto 0 0 0 0 0 0 2 1 1 1 0/0 20:37 0:42 1:33
Isaac Ratcliffe 0 0 0 0 0 0 1 0 0 0 0/0 15:28 0:00 3:22
Jerry D'Amigo 1 0 1 -1 0 4 1 1 0 0 1/1 19:15 1:00 0:49
Kerby Rychel 0 1 1 -1 6 6 3 1 0 0 4/4 19:19 1:00 1:14
Kirill Maksimov 0 0 0 0 0 1 1 0 0 0 0/0 7:45 0:00 0:00
Mason Appleton 0 0 0 0 0 4 0 0 0 0 1/1 15:36 2:18 0:00
Michael Prapavessis 0 0 0 1 0 1 0 0 0 1 0/0 21:29 0:42 1:33
Mikko Vainonen 0 1 1 -1 0 0 0 4 0 1 0/0 28:06 2:36 5:18
Nicholas Caamano 0 1 1 0 0 3 1 1 0 1 0/0 12:08 0:00 0:00
Ryan Graves 0 0 0 -1 0 0 0 0 0 0 0/0 2:33 0:00 0:00
Sam Carrick 0 0 0 -1 0 1 2 0 2 0 17/23 19:54 1:00 0:49
Tanner Laczynski 0 1 1 0 0 4 2 0 0 0 13/23 19:49 2:18 4:18
Tommy Vannelli 0 0 0 -1 0 1 1 0 0 0 0/0 31:07 2:36 5:18
Vincent Dunn 1 0 1 0 2 2 3 0 0 1 1/4 10:14 0:00 0:00
3 Stars
1 - Lucas Wallmarkk (Leh)
2 - Joe Snively (Leh)
3 - Mikko Lehtonen (Leh)
Power Play
Phantoms - 1 on 4 Attempt(s) - 25.00%
Bears - 1 on 2 Attempt(s) - 50.00%
Penalty Kill
Phantoms - 1 on 2 Attempt(s) - 50.00%
- Score 0 goal in Penalty Kill
Bears - 3 on 4 Attempt(s) - 75.00%
- Score 0 goal in Penalty Kill
Team Stat
Phantoms - Hits : 26 - Faceoff Wins : 20 - Blocked Shots : 5 - Penalty Minutes : 4
Bears - Hits : 17 - Faceoff Wins : 39 - Blocked Shots : 8 - Penalty Minutes : 8
Official
Referees : Brad Meier and Beaudry Halkidis
Linesman : Steve Miller and Julien Fournier
Game Notes
Ryan Graves is injured at 13:23 of 1st period (Fractured Bone in Left Hand)
Lucas Wallmarkk has scored a Hat Trick!
Finance
Level 1 -- Attendance: 1927 (96.35%) -- Ticket Income $134,890
Level 2 -- Attendance: 895 (89.50%) -- Ticket Income $35,800
Total Attendance: 2822 (94.07%)
Total Ticket Income: $170,690
Other Income: $8,534
Total Income: $179,224
Phantoms
5 vs 5 Forward
Center Left Wing Right Wing Time % Phy DF OF
1 Lucas Wallmarkk Joe Snively Sven Andrighetto 42 0 2 3
2 Cristoval Nieves J.T. Brown Rem Pitlick 33 0 2 3
3 David Kampf Nick Sorensen A.J. Greer 20 0 3 2
4 Laurent Dauphin Brett Murray Oliver Wahlstrom 5 0 3 2
5 vs 5 Defense
Defense Defense Time % Phy DF OF
1 Blake Heinrich Mikko Lehtonen 45 0 2 3
2 Andrey Pedan Rinat Valiev 35 0 2 3
3 Riley Stillman Matt Kiersted 20 1 3 1
4 Riley Stillman Matt Kiersted 0 1 3 1
PowerPlay Forward
Center Left Wing Right Wing Time % Phy DF OF
1 Lucas Wallmarkk Joe Snively Sven Andrighetto 60 0 1 4
2 Cristoval Nieves Nick Sorensen Rem Pitlick 40 0 1 4
PowerPlay Defense
Defense Defense Time % Phy DF OF
1 Blake Heinrich Mikko Lehtonen 60 0 1 4
2 Andrey Pedan Rinat Valiev 40 0 1 4
Penalty Kill 4 Players Forward
Center Wing Time % Phy DF OF
1 Lucas Wallmarkk Sven Andrighetto 60 1 4 0
2 Cristoval Nieves J.T. Brown 40 1 4 0
Penalty Kill 4 Players Defense
Defense Defense Time % Phy DF OF
1 Blake Heinrich Rinat Valiev 60 1 4 0
2 Andrey Pedan Matt Kiersted 40 1 4 0
Penalty Kill - 3 Players Forward
Forward Time % Phy DF OF
1 Lucas Wallmarkk 60 1 4 0
2 J.T. Brown 40 1 4 0
Penalty Kill - 3 Players Defense
Defense Defense Time % Phy DF OF
1 Blake Heinrich Rinat Valiev 60 1 4 0
2 Andrey Pedan Matt Kiersted 40 1 4 0
4 vs 4 Forward
Center Wing Time % Phy DF OF
1 Lucas Wallmarkk Joe Snively 60 1 2 2
2 Cristoval Nieves Sven Andrighetto 40 1 2 2
4 vs 4 Defense
Defense Defense Time % Phy DF OF
1 Blake Heinrich Mikko Lehtonen 60 1 2 2
2 Andrey Pedan Rinat Valiev 40 1 2 2
Last Minutes Offensive
Center Left Wing Right Wing Defense Defense
Lucas Wallmarkk Joe Snively Sven Andrighetto Blake Heinrich Mikko Lehtonen
Last Minutes Defensive
Center Left Wing Right Wing Defense Defense
Lucas Wallmarkk J.T. Brown Sven Andrighetto Blake Heinrich Rinat Valiev
Goaltenders
Starting : Zachary Fucale
Backup : Kevin Lankinen
Extra Forwards
Normal : Joe Snively, J.T. Brown, Nick Sorensen - PP : Joe Snively, Rem Pitlick - PK : Rem Pitlick
Extra Defensemen
Normal : Blake Heinrich, Rinat Valiev, Andrey Pedan - PP : Mikko Lehtonen - PK : Blake Heinrich, Rinat Valiev
Penalty Shots
Joe Snively, Sven Andrighetto, Nick Sorensen, Lucas Wallmarkk, Rem Pitlick
Custom OT Lines Forwards
Sven Andrighetto, Joe Snively, Lucas Wallmarkk, J.T. Brown, Cristoval Nieves, Rem Pitlick, Nick Sorensen, David Kampf, Oliver Wahlstrom, A.J. Greer
Custom OT Lines Defensemen
Blake Heinrich, Mikko Lehtonen, Andrey Pedan, Rinat Valiev, Matt Kiersted
Scratches
Anthony Angello (Healthy), Benoit-Olivier Groulx (Healthy), Cooper Marody (Healthy), Ty Smith (Healthy), Morgan Klimchuk (Bruised Left Arm Injury)
Victor Berglund (Healthy), Fabian Zetterlund (Healthy), David Gustafsson (Healthy), Josiah Slavin (Healthy), Cam York (Healthy)
Kaedan Korczak (Healthy), Danil Zhuravlyov (Healthy), Alex Beaucage (Healthy), Arsen Khisamutdinov (Healthy), Jacob Ingham (Healthy)
Zachary Sawchenko (Healthy)
Bears
5 vs 5 Forward
Center Left Wing Right Wing Time % Phy DF OF
1 Sam Carrick Kerby Rychel Jerry D'Amigo 40 0 1 4
2 Tanner Laczynski Cole Smith Mason Appleton 30 0 1 4
3 Vincent Dunn Isaac Ratcliffe Nicholas Caamano 20 0 2 3
4 Blake Speers Colby Cave Kirill Maksimov 10 0 2 3
5 vs 5 Defense
Defense Defense Time % Phy DF OF
1 Tommy Vannelli Mikko Vainonen 40 0 3 2
2 Gianluca Curcuruto Michael Prapavessis 30 0 3 2
3 Emil Johansson Ryan Graves 20 0 3 2
4 Tommy Vannelli Mikko Vainonen 10 0 2 3
PowerPlay Forward
Center Left Wing Right Wing Time % Phy DF OF
1 Sam Carrick Kerby Rychel Jerry D'Amigo 60 0 0 5
2 Tanner Laczynski Cole Smith Mason Appleton 40 0 1 4
PowerPlay Defense
Defense Defense Time % Phy DF OF
1 Tommy Vannelli Mikko Vainonen 60 0 2 3
2 Gianluca Curcuruto Michael Prapavessis 40 0 2 3
Penalty Kill 4 Players Forward
Center Wing Time % Phy DF OF
1 Tanner Laczynski Kerby Rychel 60 0 4 1
2 Sam Carrick Jerry D'Amigo 40 0 4 1
Penalty Kill 4 Players Defense
Defense Defense Time % Phy DF OF
1 Tommy Vannelli Mikko Vainonen 60 0 4 1
2 Gianluca Curcuruto Michael Prapavessis 40 0 4 1
Penalty Kill - 3 Players Forward
Forward Time % Phy DF OF
1 Kerby Rychel 60 0 5 0
2 Tanner Laczynski 40 0 5 0
Penalty Kill - 3 Players Defense
Defense Defense Time % Phy DF OF
1 Tommy Vannelli Mikko Vainonen 60 0 5 0
2 Gianluca Curcuruto Michael Prapavessis 40 0 5 0
4 vs 4 Forward
Center Wing Time % Phy DF OF
1 Sam Carrick Kerby Rychel 60 0 1 4
2 Tanner Laczynski Jerry D'Amigo 40 0 1 4
4 vs 4 Defense
Defense Defense Time % Phy DF OF
1 Tommy Vannelli Mikko Vainonen 60 0 2 3
2 Gianluca Curcuruto Michael Prapavessis 40 0 2 3
Last Minutes Offensive
Center Left Wing Right Wing Defense Defense
Tanner Laczynski Kerby Rychel Jerry D'Amigo Tommy Vannelli Mikko Vainonen
Last Minutes Defensive
Center Left Wing Right Wing Defense Defense
Sam Carrick Kerby Rychel Jerry D'Amigo Tommy Vannelli Mikko Vainonen
Goaltenders
Starting : Artyom Zagidulin
Backup : Garret Sparks
Extra Forwards
Normal : Kerby Rychel, Jerry D'Amigo, Mason Appleton - PP : Kerby Rychel, Jerry D'Amigo - PK : Kerby Rychel
Extra Defensemen
Normal : Tommy Vannelli, Mikko Vainonen, Gianluca Curcuruto - PP : Emil Johansson - PK : Ryan Graves, Tommy Vannelli
Penalty Shots
Kerby Rychel, Jerry D'Amigo, Mason Appleton, Tanner Laczynski, Cole Smith
Custom OT Lines Forwards
Kerby Rychel, Mason Appleton, Jerry D'Amigo, Tanner Laczynski, Sam Carrick, Cole Smith, Vincent Dunn, Nicholas Caamano, Isaac Ratcliffe, Colby Cave
Custom OT Lines Defensemen
Tommy Vannelli, Mikko Vainonen, Gianluca Curcuruto, Michael Prapavessis, Emil Johansson
Scratches
Jesper Pettersson (Healthy), Kevin Rooney (Lower Body Injury), David Farrance (Healthy), Mackenze Stewart (Healthy), Zack Hayes (Healthy)
Mario Ferraro (Healthy), Will Reilly (Healthy), Kristians Rubins (Healthy), Jakob Stenqvist (Healthy), Tim Gettinger (Healthy)
Arvid Henrikson (Healthy), Jeremy Michel (Healthy)
% Time on Ice - Phantoms
Lines # - Real PCT - Wanted PCT - Time Play
Normal Forward
1 - 35% - 42% - 17:03
2 - 29% - 33% - 14:14
3 - 22% - 20% - 10:28
4 - 14% - 5% - 6:54
Normal Defense
1 - 40% - 45% - 19:32
2 - 32% - 35% - 15:22
3 - 25% - 20% - 12:03
4 - 3% - 0% - 1:42
PP Forward
1 - 64% - 60% - 4:21
2 - 36% - 40% - 2:30
PP Defense
1 - 59% - 60% - 4:02
2 - 41% - 40% - 2:49
PK Forward
1 - 57% - 60% - 1:52
2 - 43% - 40% - 1:26
PK Defense
1 - 83% - 60% - 2:44
2 - 17% - 40% - 0:34
PK3 Forward
1 - 0% - 60%
2 - 0% - 40%
PK3 Defense
1 - 0% - 60%
2 - 0% - 40%
44 Forward
1 - 0% - 60%
2 - 0% - 40%
44 Defense
1 - 0% - 60%
2 - 0% - 40%
Last Minute Offensive - 0:00
Last Minute Defensive - 1:12
Total
Forward - 60:00
Defense - 60:00
|
% Time on Ice - Bears
Lines # - Real PCT - Wanted PCT - Time Play
Normal Forward
1 - 33% - 40% - 16:07
2 - 31% - 30% - 14:59
3 - 21% - 20% - 10:05
4 - 15% - 10% - 7:27
Normal Defense
1 - 32% - 40% - 15:41
2 - 30% - 30% - 14:29
3 - 34% - 20% - 16:36
4 - 4% - 10% - 1:52
PP Forward
1 - 30% - 60% - 1:00
2 - 70% - 40% - 2:18
PP Defense
1 - 79% - 60% - 2:36
2 - 21% - 40% - 0:42
PK Forward
1 - 88% - 60% - 6:02
2 - 12% - 40% - 0:49
PK Defense
1 - 77% - 60% - 5:18
2 - 23% - 40% - 1:33
PK3 Forward
1 - 0% - 60%
2 - 0% - 40%
PK3 Defense
1 - 0% - 60%
2 - 0% - 40%
44 Forward
1 - 0% - 60%
2 - 0% - 40%
44 Defense
1 - 0% - 60%
2 - 0% - 40%
Last Minute Offensive - 1:13
Last Minute Defensive - 0:00
Total
Forward - 60:00
Defense - 60:00
|
Play-by-Play
1st period
0:01 of 1st period - Sam Carrick wins face-off versus Lucas Wallmarkk in neutral zone.
1:08 of 1st period - Snap shot by Laurent Dauphin.
1:08 of 1st period - Stopped by Artyom Zagidulin without a rebound.
1:09 of 1st period - Blake Speers wins face-off versus Laurent Dauphin in Bears zone.
1:21 of 1st period - Slapshot by Rinat Valiev.
1:21 of 1st period - Shot Misses the Net.
1:23 of 1st period - Wrist shot by Laurent Dauphin.
1:23 of 1st period - Stopped by Artyom Zagidulin without a rebound.
1:24 of 1st period - Sam Carrick wins face-off versus Lucas Wallmarkk in Bears zone.
1:24 of 1st period - Sam Carrick is hit by Lucas Wallmarkk.
2:54 of 1st period - Slapshot by Laurent Dauphin.
2:54 of 1st period - Deflect By Oliver Wahlstrom.
2:54 of 1st period - Shot Misses the Net.
2:54 of 1st period - Puck is out of play.
2:55 of 1st period - Sam Carrick wins face-off versus Cristoval Nieves in Bears zone.
3:16 of 1st period - Snap shot by Jerry D'Amigo.
3:16 of 1st period - Stopped by Zachary Fucale without a rebound.
3:17 of 1st period - Lucas Wallmarkk wins face-off versus Tanner Laczynski in Phantoms zone.
4:07 of 1st period - Minor Penalty to Kerby Rychel for Holding.
4:08 of 1st period - Tanner Laczynski wins face-off versus Lucas Wallmarkk in Bears zone.
4:17 of 1st period - Icing by Blake Heinrich.
4:18 of 1st period - Tanner Laczynski wins face-off versus Lucas Wallmarkk in Phantoms zone.
5:01 of 1st period - Snap shot by Lucas Wallmarkk.
5:01 of 1st period - Goal by Lucas Wallmarkk - Phantoms : 1 - Bears : 0.
5:02 of 1st period - Kerby Rychel wins face-off versus Cristoval Nieves in neutral zone.
5:09 of 1st period - Matt Kiersted is hit by Sam Carrick and loses puck.
5:16 of 1st period - Slapshot by Kerby Rychel.
5:16 of 1st period - Stopped by Zachary Fucale with a rebound.
5:18 of 1st period - Wrist shot by Tommy Vannelli.
5:18 of 1st period - Shot Misses the Net.
6:00 of 1st period - Snap shot by Lucas Wallmarkk.
6:00 of 1st period - Goal by Lucas Wallmarkk - Phantoms : 2 - Bears : 0.
6:01 of 1st period - Sam Carrick wins face-off versus Lucas Wallmarkk in neutral zone.
6:23 of 1st period - Icing by Lucas Wallmarkk.
6:24 of 1st period - Tanner Laczynski wins face-off versus Cristoval Nieves in Phantoms zone.
6:38 of 1st period - Minor Penalty to J.T. Brown for Holding.
6:39 of 1st period - Sam Carrick wins face-off versus Lucas Wallmarkk in Phantoms zone.
7:09 of 1st period - Snap shot by Tanner Laczynski.
7:09 of 1st period - Stopped by Zachary Fucale with a rebound.
7:15 of 1st period - Snap shot by Tanner Laczynski.
7:15 of 1st period - Shot Blocked by Blake Heinrich.
7:37 of 1st period - Snap shot by Tanner Laczynski.
7:37 of 1st period - Stopped by Zachary Fucale with a rebound.
7:54 of 1st period - Icing by Mason Appleton.
7:55 of 1st period - Mason Appleton wins face-off versus Cristoval Nieves in Bears zone.
8:38 of 1st period - Penalty to J.T. Brown is over, J.T. Brown is back on ice.
8:40 of 1st period - Wrist shot by Mason Appleton.
8:40 of 1st period - Stopped by Zachary Fucale with a rebound.
8:42 of 1st period - Wrist shot by Tanner Laczynski.
8:42 of 1st period - Stopped by Zachary Fucale with a rebound.
8:44 of 1st period - Snap shot by Mikko Vainonen.
8:44 of 1st period - Deflect By Cole Smith.
8:44 of 1st period - Goal by Cole Smith - Phantoms : 2 - Bears : 1.
8:45 of 1st period - Jerry D'Amigo wins face-off versus Lucas Wallmarkk in neutral zone.
8:48 of 1st period - Sven Andrighetto is hit by Kerby Rychel and loses puck.
9:04 of 1st period - Icing by Riley Stillman.
9:05 of 1st period - Lucas Wallmarkk wins face-off versus Vincent Dunn in Phantoms zone.
9:34 of 1st period - Emil Johansson is hit by Sven Andrighetto.
10:12 of 1st period - Snap shot by Nicholas Caamano.
10:12 of 1st period - Stopped by Zachary Fucale with a rebound.
11:40 of 1st period - Rinat Valiev is hit by Jerry D'Amigo and loses puck.
12:08 of 1st period - Andrey Pedan is hit by Vincent Dunn.
12:12 of 1st period - Tommy Vannelli is hit by Laurent Dauphin and loses puck.
12:29 of 1st period - Jerry D'Amigo is hit by Rem Pitlick and loses puck.
12:40 of 1st period - Wrist shot by Jerry D'Amigo.
12:40 of 1st period - Shot Blocked by Matt Kiersted.
13:14 of 1st period - Icing by David Kampf.
13:15 of 1st period - David Kampf wins face-off versus Vincent Dunn in Phantoms zone.
13:22 of 1st period - Ryan Graves is hit by A.J. Greer and loses puck.
13:23 of 1st period - Ryan Graves from Bears is injured at 13:23 of 1st period (Fractured Bone in Left Hand).
13:24 of 1st period - Sam Carrick wins face-off versus Lucas Wallmarkk in Bears zone.
13:51 of 1st period - Rem Pitlick is hit by Isaac Ratcliffe and loses puck.
14:10 of 1st period - Tommy Vannelli is hit by Andrey Pedan.
14:22 of 1st period - Wrist shot by Cole Smith.
14:22 of 1st period - Shot Misses the Net.
15:28 of 1st period - Wrist shot by Rem Pitlick.
15:28 of 1st period - Stopped by Artyom Zagidulin with a rebound.
15:30 of 1st period - Slapshot by Cristoval Nieves.
15:30 of 1st period - Stopped by Artyom Zagidulin without a rebound.
15:31 of 1st period - Sam Carrick wins face-off versus Joe Snively in Bears zone.
15:38 of 1st period - Wrist shot by Sam Carrick.
15:38 of 1st period - Shot Misses the Net.
15:40 of 1st period - Wrist shot by Kerby Rychel.
15:40 of 1st period - Stopped by Zachary Fucale with a rebound.
15:58 of 1st period - Tanner Laczynski is hit by Rem Pitlick and loses puck.
16:18 of 1st period - A.J. Greer is hit by Nicholas Caamano and loses puck.
16:58 of 1st period - Snap shot by Joe Snively.
16:58 of 1st period - Stopped by Artyom Zagidulin without a rebound.
16:59 of 1st period - Lucas Wallmarkk wins face-off versus Blake Speers in Bears zone.
17:12 of 1st period - Snap shot by Lucas Wallmarkk.
17:12 of 1st period - Deflect By Joe Snively.
17:12 of 1st period - Shot Misses the Net.
17:12 of 1st period - Puck is out of play.
17:13 of 1st period - Sam Carrick wins face-off versus Lucas Wallmarkk in Bears zone.
18:05 of 1st period - Mikko Lehtonen is hit by Vincent Dunn and loses puck.
19:45 of 1st period - Icing by Andrey Pedan.
19:46 of 1st period - Cole Smith wins face-off versus Lucas Wallmarkk in Phantoms zone.
19:47 of 1st period - Snap shot by Tanner Laczynski.
19:47 of 1st period - Shot Misses the Net.
19:59 of 1st period - Snap shot by Sven Andrighetto.
19:59 of 1st period - Stopped by Artyom Zagidulin without a rebound.
Goals for this period are 2 for Phantoms vs 1 for Bears.
Shots for this period are 8 for Phantoms vs 9 for Bears.
2nd period
0:01 of 2nd period - Kerby Rychel wins face-off versus Lucas Wallmarkk in neutral zone.
0:22 of 2nd period - Blake Heinrich is hit by Tommy Vannelli and loses puck.
0:47 of 2nd period - Slapshot by Blake Heinrich.
0:47 of 2nd period - Shot Blocked by Mikko Vainonen.
0:49 of 2nd period - Slapshot by Mikko Lehtonen.
0:49 of 2nd period - Shot Misses the Net.
0:51 of 2nd period - Snap shot by Lucas Wallmarkk.
0:51 of 2nd period - Stopped by Artyom Zagidulin with a rebound.
1:21 of 2nd period - Snap shot by Lucas Wallmarkk.
1:21 of 2nd period - Shot Misses the Net.
1:23 of 2nd period - Slapshot by Blake Heinrich.
1:23 of 2nd period - Shot Blocked by Kerby Rychel.
1:25 of 2nd period - Snap shot by Sven Andrighetto.
1:25 of 2nd period - Stopped by Artyom Zagidulin with a rebound.
1:37 of 2nd period - Snap shot by Lucas Wallmarkk.
1:37 of 2nd period - Shot Blocked by Mikko Vainonen.
1:39 of 2nd period - Snap shot by Lucas Wallmarkk.
1:39 of 2nd period - Shot Blocked by Jerry D'Amigo.
1:41 of 2nd period - Slapshot by Mikko Lehtonen.
1:41 of 2nd period - Stopped by Artyom Zagidulin with a rebound.
1:43 of 2nd period - Snap shot by Joe Snively.
1:43 of 2nd period - Deflect By Lucas Wallmarkk.
1:43 of 2nd period - Shot Hit the Post.
1:43 of 2nd period - Puck is out of play.
1:44 of 2nd period - Cristoval Nieves wins face-off versus Tanner Laczynski in Bears zone.
2:36 of 2nd period - Wrist shot by Cristoval Nieves.
2:36 of 2nd period - Deflect By Rem Pitlick.
2:36 of 2nd period - Stopped by Artyom Zagidulin without a rebound.
2:37 of 2nd period - Cristoval Nieves wins face-off versus Tanner Laczynski in Bears zone.
2:53 of 2nd period - Slapshot by Mason Appleton.
2:53 of 2nd period - Stopped by Zachary Fucale with a rebound.
3:05 of 2nd period - Cristoval Nieves is hit by Kirill Maksimov and loses puck.
3:14 of 2nd period - Michael Prapavessis is hit by Rem Pitlick and loses puck.
3:23 of 2nd period - Snap shot by Rem Pitlick.
3:23 of 2nd period - Stopped by Artyom Zagidulin with a rebound.
3:25 of 2nd period - Wrist shot by Cristoval Nieves.
3:25 of 2nd period - Stopped by Artyom Zagidulin with a rebound.
3:27 of 2nd period - Slapshot by Rinat Valiev.
3:27 of 2nd period - Deflect By Rem Pitlick.
3:27 of 2nd period - Shot Misses the Net.
3:27 of 2nd period - Puck is out of play.
3:28 of 2nd period - Nick Sorensen wins face-off versus Tanner Laczynski in Bears zone.
3:31 of 2nd period - Snap shot by A.J. Greer.
3:31 of 2nd period - Stopped by Artyom Zagidulin without a rebound.
3:32 of 2nd period - Tanner Laczynski wins face-off versus David Kampf in Bears zone.
3:40 of 2nd period - Off-side.
3:41 of 2nd period - Lucas Wallmarkk wins face-off versus Sam Carrick in neutral zone.
3:50 of 2nd period - Snap shot by Lucas Wallmarkk.
3:50 of 2nd period - Goal by Lucas Wallmarkk - Phantoms : 3 - Bears : 1.
3:51 of 2nd period - Lucas Wallmarkk wins face-off versus Tanner Laczynski in neutral zone.
3:53 of 2nd period - Off-side.
3:54 of 2nd period - Tanner Laczynski wins face-off versus Lucas Wallmarkk in neutral zone.
4:21 of 2nd period - Mikko Vainonen is hit by Rem Pitlick and loses puck.
5:09 of 2nd period - Wrist shot by Laurent Dauphin.
5:09 of 2nd period - Stopped by Artyom Zagidulin without a rebound.
5:10 of 2nd period - Sam Carrick wins face-off versus Lucas Wallmarkk in Bears zone.
5:25 of 2nd period - Snap shot by Kerby Rychel.
5:25 of 2nd period - Shot Misses the Net.
5:31 of 2nd period - Kerby Rychel is hit by Joe Snively and loses puck.
6:31 of 2nd period - Slapshot by Rinat Valiev.
6:31 of 2nd period - Stopped by Artyom Zagidulin with a rebound.
6:43 of 2nd period - Wrist shot by Nicholas Caamano.
6:43 of 2nd period - Stopped by Zachary Fucale without a rebound.
6:44 of 2nd period - Rem Pitlick wins face-off versus Tanner Laczynski in Phantoms zone.
7:01 of 2nd period - J.T. Brown is hit by Gianluca Curcuruto and loses puck.
7:16 of 2nd period - Snap shot by Sven Andrighetto.
7:16 of 2nd period - Shot Misses the Net.
7:18 of 2nd period - Slapshot by Mikko Lehtonen.
7:18 of 2nd period - Shot Misses the Net.
7:20 of 2nd period - Snap shot by Joe Snively.
7:20 of 2nd period - Shot Misses the Net.
7:22 of 2nd period - Slapshot by Mikko Lehtonen.
7:22 of 2nd period - Stopped by Artyom Zagidulin without a rebound.
7:23 of 2nd period - Vincent Dunn wins face-off versus David Kampf in Bears zone.
7:48 of 2nd period - Joe Snively is hit by Gianluca Curcuruto and loses puck.
8:14 of 2nd period - Snap shot by Mason Appleton.
8:14 of 2nd period - Stopped by Zachary Fucale with a rebound.
8:16 of 2nd period - Wrist shot by Cole Smith.
8:16 of 2nd period - Stopped by Zachary Fucale without a rebound.
8:17 of 2nd period - Tanner Laczynski wins face-off versus Lucas Wallmarkk in Phantoms zone.
8:26 of 2nd period - Wrist shot by Joe Snively.
8:26 of 2nd period - Stopped by Artyom Zagidulin without a rebound.
8:27 of 2nd period - Lucas Wallmarkk wins face-off versus Tanner Laczynski in Bears zone.
9:08 of 2nd period - Wrist shot by Sven Andrighetto.
9:08 of 2nd period - Shot Misses the Net.
9:18 of 2nd period - Wrist shot by Lucas Wallmarkk.
9:18 of 2nd period - Shot Misses the Net.
9:20 of 2nd period - Slapshot by Mikko Lehtonen.
9:20 of 2nd period - Goal by Mikko Lehtonen - Phantoms : 4 - Bears : 1.
9:21 of 2nd period - Sam Carrick wins face-off versus Cristoval Nieves in neutral zone.
9:34 of 2nd period - Backhand shot by Sam Carrick.
9:34 of 2nd period - Stopped by Zachary Fucale without a rebound.
9:35 of 2nd period - Sam Carrick wins face-off versus Cristoval Nieves in Phantoms zone.
9:42 of 2nd period - Wrist shot by Kerby Rychel.
9:42 of 2nd period - Stopped by Zachary Fucale with a rebound.
9:44 of 2nd period - Snap shot by Jerry D'Amigo.
9:44 of 2nd period - Stopped by Zachary Fucale without a rebound.
9:45 of 2nd period - Sam Carrick wins face-off versus Cristoval Nieves in Phantoms zone.
9:52 of 2nd period - Snap shot by Kerby Rychel.
9:52 of 2nd period - Stopped by Zachary Fucale with a rebound.
9:54 of 2nd period - Wrist shot by Kerby Rychel.
9:54 of 2nd period - Stopped by Zachary Fucale with a rebound.
9:56 of 2nd period - Backhand shot by Tommy Vannelli.
9:56 of 2nd period - Stopped by Zachary Fucale with a rebound.
9:58 of 2nd period - Slapshot by Tommy Vannelli.
9:58 of 2nd period - Shot Blocked by Cristoval Nieves.
10:25 of 2nd period - Off-side.
10:26 of 2nd period - Tanner Laczynski wins face-off versus Lucas Wallmarkk in neutral zone.
10:53 of 2nd period - Gianluca Curcuruto is hit by A.J. Greer.
10:57 of 2nd period - Slapshot by Michael Prapavessis.
10:57 of 2nd period - Deflect By Mikko Lehtonen.
10:57 of 2nd period - Stopped by Zachary Fucale without a rebound.
10:58 of 2nd period - Tanner Laczynski wins face-off versus David Kampf in Phantoms zone.
10:59 of 2nd period - Snap shot by Mason Appleton.
10:59 of 2nd period - Stopped by Zachary Fucale with a rebound.
11:57 of 2nd period - Vincent Dunn is hit by Rinat Valiev and loses puck.
12:20 of 2nd period - Wrist shot by Kirill Maksimov.
12:20 of 2nd period - Stopped by Zachary Fucale with a rebound.
12:26 of 2nd period - Minor Penalty to Blake Heinrich for High sticking.
12:27 of 2nd period - Sam Carrick wins face-off versus Sven Andrighetto in Phantoms zone.
13:17 of 2nd period - Icing by Gianluca Curcuruto.
13:18 of 2nd period - Cristoval Nieves wins face-off versus Tanner Laczynski in Bears zone.
13:21 of 2nd period - Snap shot by J.T. Brown.
13:21 of 2nd period - Shot Misses the Net.
13:45 of 2nd period - Snap shot by Jerry D'Amigo.
13:45 of 2nd period - Deflect By Mikko Lehtonen.
13:45 of 2nd period - Goal by Jerry D'Amigo - Phantoms : 4 - Bears : 2.
13:46 of 2nd period - Cristoval Nieves wins face-off versus Sam Carrick in neutral zone.
13:53 of 2nd period - Mikko Vainonen is hit by Rem Pitlick and loses puck.
14:12 of 2nd period - Tanner Laczynski is hit by Lucas Wallmarkk and loses puck.
14:21 of 2nd period - Lucas Wallmarkk is hit by Tanner Laczynski and loses puck.
14:56 of 2nd period - Snap shot by Rem Pitlick.
14:56 of 2nd period - Shot Blocked by Gianluca Curcuruto.
14:58 of 2nd period - Wrist shot by Rem Pitlick.
14:58 of 2nd period - Shot Misses the Net.
15:00 of 2nd period - Snap shot by Cristoval Nieves.
15:00 of 2nd period - Shot Misses the Net.
15:31 of 2nd period - Icing by Michael Prapavessis.
15:32 of 2nd period - Lucas Wallmarkk wins face-off versus Sam Carrick in Bears zone.
16:25 of 2nd period - Wrist shot by David Kampf.
16:25 of 2nd period - Shot Blocked by Mikko Vainonen.
16:44 of 2nd period - Off-side.
16:45 of 2nd period - Laurent Dauphin wins face-off versus Vincent Dunn in neutral zone.
17:10 of 2nd period - Emil Johansson is hit by Sven Andrighetto and loses puck.
18:18 of 2nd period - A.J. Greer is hit by Sam Carrick.
18:49 of 2nd period - Minor Penalty to Vincent Dunn for Holding.
18:50 of 2nd period - Kerby Rychel wins face-off versus Lucas Wallmarkk in Bears zone.
Goals for this period are 2 for Phantoms vs 1 for Bears.
Shots for this period are 13 for Phantoms vs 14 for Bears.
3rd period
0:01 of 3rd period - Lucas Wallmarkk wins face-off versus Tanner Laczynski in neutral zone.
0:48 of 3rd period - Tommy Vannelli is hit by Rinat Valiev and loses puck.
0:49 of 3rd period - Penalty to Vincent Dunn is over, Vincent Dunn is back on ice.
1:27 of 3rd period - Snap shot by Nick Sorensen.
1:27 of 3rd period - Deflect By David Kampf.
1:27 of 3rd period - Shot Blocked by Nicholas Caamano.
1:27 of 3rd period - Puck is out of play.
1:28 of 3rd period - Sam Carrick wins face-off versus David Kampf in Bears zone.
1:33 of 3rd period - Michael Prapavessis is hit by Blake Heinrich and loses puck.
2:17 of 3rd period - Rem Pitlick is hit by Vincent Dunn and loses puck.
2:22 of 3rd period - Wrist shot by Vincent Dunn.
2:22 of 3rd period - Stopped by Zachary Fucale with a rebound.
2:24 of 3rd period - Slapshot by Vincent Dunn.
2:24 of 3rd period - Goal by Vincent Dunn - Phantoms : 4 - Bears : 3.
2:25 of 3rd period - Lucas Wallmarkk wins face-off versus Sam Carrick in neutral zone.
2:38 of 3rd period - Wrist shot by Joe Snively.
2:38 of 3rd period - Shot Blocked by Mikko Vainonen.
2:40 of 3rd period - Snap shot by Blake Heinrich.
2:40 of 3rd period - Deflect By Sven Andrighetto.
2:40 of 3rd period - Shot Misses the Net.
2:40 of 3rd period - Puck is out of play.
2:41 of 3rd period - Tanner Laczynski wins face-off versus Cristoval Nieves in Bears zone.
2:46 of 3rd period - Wrist shot by Cristoval Nieves.
2:46 of 3rd period - Deflect By Rem Pitlick.
2:46 of 3rd period - Stopped by Artyom Zagidulin with a rebound.
2:56 of 3rd period - Slapshot by Tanner Laczynski.
2:56 of 3rd period - Stopped by Zachary Fucale without a rebound.
2:57 of 3rd period - Sam Carrick wins face-off versus Lucas Wallmarkk in Phantoms zone.
3:24 of 3rd period - Mikko Vainonen is hit by Cristoval Nieves and loses puck.
3:47 of 3rd period - Slapshot by Mikko Vainonen.
3:47 of 3rd period - Shot Misses the Net.
3:52 of 3rd period - Icing by Rinat Valiev.
3:53 of 3rd period - Kerby Rychel wins face-off versus David Kampf in Phantoms zone.
4:34 of 3rd period - Snap shot by Lucas Wallmarkk.
4:34 of 3rd period - Stopped by Artyom Zagidulin with a rebound.
4:50 of 3rd period - Slapshot by Michael Prapavessis.
4:50 of 3rd period - Shot Blocked by Blake Heinrich.
4:52 of 3rd period - Snap shot by Nicholas Caamano.
4:52 of 3rd period - Stopped by Zachary Fucale without a rebound.
4:53 of 3rd period - Sam Carrick wins face-off versus Lucas Wallmarkk in Phantoms zone.
5:00 of 3rd period - Wrist shot by Jerry D'Amigo.
5:00 of 3rd period - Stopped by Zachary Fucale without a rebound.
5:01 of 3rd period - Sam Carrick wins face-off versus Lucas Wallmarkk in Phantoms zone.
5:11 of 3rd period - Minor Penalty to Kerby Rychel for Roughing.
5:12 of 3rd period - Tanner Laczynski wins face-off versus Lucas Wallmarkk in Bears zone.
5:17 of 3rd period - Icing by Mikko Lehtonen.
5:18 of 3rd period - Tanner Laczynski wins face-off versus Lucas Wallmarkk in Phantoms zone.
5:33 of 3rd period - Snap shot by Lucas Wallmarkk.
5:33 of 3rd period - Stopped by Artyom Zagidulin without a rebound.
5:34 of 3rd period - Tanner Laczynski wins face-off versus Lucas Wallmarkk in Bears zone.
5:45 of 3rd period - Slapshot by Blake Heinrich.
5:45 of 3rd period - Shot Misses the Net.
6:10 of 3rd period - Off-side.
6:11 of 3rd period - Tanner Laczynski wins face-off versus Cristoval Nieves in neutral zone.
7:11 of 3rd period - Penalty to Kerby Rychel is over, Kerby Rychel is back on ice.
7:33 of 3rd period - Minor Penalty to Kerby Rychel for Slashing.
7:34 of 3rd period - Lucas Wallmarkk wins face-off versus Tanner Laczynski in Bears zone.
7:47 of 3rd period - Wrist shot by Joe Snively.
7:47 of 3rd period - Shot Misses the Net.
8:09 of 3rd period - Wrist shot by Rem Pitlick.
8:09 of 3rd period - Shot Hit the Post.
9:33 of 3rd period - Penalty to Kerby Rychel is over, Kerby Rychel is back on ice.
9:47 of 3rd period - Wrist shot by Kerby Rychel.
9:47 of 3rd period - Stopped by Zachary Fucale with a rebound.
10:16 of 3rd period - David Kampf is hit by Kerby Rychel and loses puck.
11:07 of 3rd period - Nicholas Caamano is hit by Cristoval Nieves and loses puck.
11:28 of 3rd period - Snap shot by A.J. Greer.
11:28 of 3rd period - Shot Misses the Net.
11:40 of 3rd period - Snap shot by Tommy Vannelli.
11:40 of 3rd period - Shot Blocked by Lucas Wallmarkk.
11:54 of 3rd period - Michael Prapavessis is hit by Oliver Wahlstrom and loses puck.
12:49 of 3rd period - Isaac Ratcliffe is hit by A.J. Greer and loses puck.
13:00 of 3rd period - J.T. Brown is hit by Tanner Laczynski and loses puck.
15:17 of 3rd period - Mason Appleton is hit by Cristoval Nieves and loses puck.
15:30 of 3rd period - Mikko Lehtonen is hit by Kerby Rychel and loses puck.
15:47 of 3rd period - Jerry D'Amigo is hit by Cristoval Nieves and loses puck.
16:07 of 3rd period - Isaac Ratcliffe is hit by Nick Sorensen and loses puck.
17:02 of 3rd period - Colby Cave is hit by Mikko Lehtonen and loses puck.
17:29 of 3rd period - Mikko Vainonen is hit by Andrey Pedan.
19:11 of 3rd period - Wrist shot by Joe Snively.
19:11 of 3rd period - Stopped by Artyom Zagidulin with a rebound.
19:13 of 3rd period - Slapshot by Andrey Pedan.
19:13 of 3rd period - Deflect By Sven Andrighetto.
19:13 of 3rd period - Shot Misses the Net.
19:13 of 3rd period - Puck is out of play.
19:14 of 3rd period - Gerard Gallant call a timeout for Bears.
19:14 of 3rd period - Joe Snively wins face-off versus Sam Carrick in Bears zone.
19:15 of 3rd period - Wrist shot by Lucas Wallmarkk.
19:15 of 3rd period - Shot Misses the Net.
19:21 of 3rd period - Slapshot by Joe Snively.
19:21 of 3rd period - Shot Misses the Net.
19:41 of 3rd period - Off-side.
19:42 of 3rd period - Lucas Wallmarkk wins face-off versus Sam Carrick in neutral zone.
Goals for this period are 0 for Phantoms vs 1 for Bears.
Shots for this period are 4 for Phantoms vs 6 for Bears.
Output by the SimonT Hockey Simulator (STHS) for Francois Prevost